 Dungeon Crawl Stone Soup version 0.30.0-5-g1a98f26d00 (webtiles) character file.

Game seed: 10590622319821645035

4 Strat the Firebug (level 1, -2/9 HPs)
             Began as a Vine Stalker Fire Elementalist on May 8, 2023.
             Slain by a hobgoblin (3 damage)
             ... on level 1 of the Dungeon.
             The game lasted 00:01:10 (275 turns).

Strat the Firebug (Vine Stalker Fire Elementalist)   Turns: 275, Time: 00:01:11

Health: -2/9       AC:  2    Str: 10    XL:     1   Next: 70%
Magic:  0/4        EV: 12    Int: 15    God:
Gold:   9          SH:  0    Dex: 14    Spells: 3/4 levels left

rFire   . . .        a - +0 short sword
rCold   + . .        (no shield)
rNeg    . . .        h - +0 robe {rC+}
rPois   .            (no helmet)
rElec   .            (no cloak)
rCorr   .            (no gloves)
SInv    .            (no boots)
Will    .....        (no amulet)
Stlth   ++           (no ring)
HPRegen 0.21/turn    (no ring)
MPRegen 0.09/turn

%: guardian spirit
@: very slightly contaminated
A: fangs 2, magic shield, antimagic bite, no potion heal 2
a: no special abilities


You were on level 1 of the Dungeon.
You visited 1 branch of the dungeon, and saw 1 of its levels.

You collected 9 gold pieces.

Inventory:

Hand Weapons
 a - a +0 short sword (weapon)
Missiles
 e - 4 javelins
Armour
 c - a +0 robe
 h - a +0 robe of cold resistance (worn)
Scrolls
 d - a scroll of identify {unknown}
Potions
 b - a potion of magic
 f - a potion of ambrosia {unknown}
 g - a potion of flight {unknown}


   Skills:
 + Level 0.5 Fighting
 - Level 1.5 Dodging
 + Level 2.8 Stealth
 - Level 2.1 Spellcasting
 - Level 1.0 Conjurations
 - Level 3.0 Fire Magic


You had 3 spell levels left.
You knew the following spells:

 Your Spells              Type           Power      Damage    Failure   Level
a - Foxfire               Conj/Fire      28%        2x1d5     10%         1

Your spell library contained the following spells:

 Spells                   Type           Power      Damage    Failure   Level
 Scorch                   Fire           20%        2d6       10%         2
 Inner Flame              Hex/Fire       6%         N/A       34%         3
 Volatile Blastmotes      Fire/Tloc      12%        2d11      34%         3
 Flame Wave               Conj/Fire      7%         2d5       67%         4


Dungeon Overview and Level Annotations

Branches:
Dungeon (1/15)

Altars:


Innate Abilities, Weirdness & Mutations

You have extremely sharp teeth.
When hurt, damage is shared between your health and your magic reserves.
Your bite disrupts and absorbs the magic of your enemies.
Potions cannot restore your health.


Message History

You start removing your armour.
You continue taking off your +0 robe. x4
You finish taking off your +0 robe.
You start putting on your armour.
You continue putting on your +0 robe of cold resistance. x5
You finish putting on your +0 robe of cold resistance.
You feel resistant to cold.
Found a spear.
A jackal and a hobgoblin come into view.
Found a blue potion.
A jackal comes into view.
Found a scale mail and 13 gold pieces.
The jackal barks!
The hobgoblin shouts!
The jackal barks!
You hear a shout!
The jackal closely misses you. The hobgoblin misses you. The jackal misses you.
You barely miss the jackal. The jackal bites you. The jackal barely misses you.
The hobgoblin closely misses you.
You hit the jackal.
The jackal is moderately wounded.
The jackal bites you. The jackal closely misses you.
A hobgoblin comes into view.
The hobgoblin barely misses you. The jackal barely misses you.
The jackal bites you.
You hit the jackal.
The jackal is severely wounded.
The jackal misses you. The hobgoblin hits you. The jackal bites you.
* * * LOW HITPOINT WARNING * * *
The jackal attacks as you move away! The jackal closely misses you.
The hobgoblin attacks as you move away! The hobgoblin barely misses you.
Casting: Foxfire (safe; 10% risk of failure)
Confirm with . or Enter, or press ? or * to list all spells.
You miscast Foxfire.
You are very lightly contaminated with residual magic.
Nothing appears to happen.
The hobgoblin hits you.
* * * LOW HITPOINT WARNING * * *
The jackal bites you.
* * * LOW HITPOINT WARNING * * *
The jackal attacks as you move away! The jackal barely misses you.
The hobgoblin attacks as you move away! The hobgoblin barely misses you.
The jackal attacks as you move away! The jackal misses you.
The hobgoblin attacks as you move away! The hobgoblin hits you.
You die...

######.#.# #.#.# #.#.# #.#.#
#.#.# ... . ######.#.#
#...######### ###.#
.......#.# ##........).# .#
#####[.#.# #.########.# #
#.†#.# #.# .# #####....# #.#
.#
.†.....######.########.###...
#####...........@h.hg........
#.#######....g....!.##... #.#
##########...... #.# ......#
#.# .####.# #.# [# # #.# $#
#.# .# #.#


You could see 2 jackals and 2 hobgoblins.

Vanquished Creatures
  A giant cockroach (D:1)
  A ball python (D:1)
  4 rats (D:1)
6 creatures vanquished.

Notes
Turn   | Place    | Note
-------+----------+-------------------------------------------
     0 | D:1      | Strat the Vine Stalker Fire Elementalist began the quest
                  | for the Orb.
     0 | D:1      | Reached XP level 1. HP: 9/9 MP: 4/4
   275 | D:1      | Slain by a hobgoblin

Illustrated notes

Levels and vault maps discovered:
D:1:      amcnicky_arrival_gap_in_the_tavern_cellar, layout_loops_ring

Action                     || total
---------------------------++-------
  Melee: Short sword       ||    14
         Bite              ||     6
         Unarmed           ||     1
   Stab: Sleeping          ||     2
 Armour: Robe              ||     1
  Dodge: Dodged            ||    20
